 Dungeon Crawl Stone Soup version 0.25-a0-781-gc44aebf4fe (webtiles) character file.

Game seed: 15103195378277407343, levelgen mode: deterministic

520334 Zir the Scorcher (level 25, -12/172 HPs)
             Began as a Gargoyle Earth Elementalist on Apr 16, 2020.
             Was the Champion of Vehumet.
             Killed from afar by Frederick (89 damage)
             ... with an iron shot
             ... on level 1 of the Crypt.
             The game lasted 03:08:18 (60614 turns).

Zir the Scorcher (Gargoyle Earth Elementalist)     Turns: 60614, Time: 03:08:22

Health: -12/172    AC: 35    Str: 15    XL:     25   Next: 26%
Magic:  34/59      EV: 17    Int: 38    God:    Vehumet [******]
Gold:   2558       SH:  0    Dex: 10    Spells: 11/53 levels left

rFire    + + +     SeeInvis +   C - +9 eveningstar (protect)
rCold    . . .     Gourm    .   (no shield)
rNeg     + + +     Faith    .   p - +1 leather armour of the Fiend {Int+6}
rPois    ∞         Spirit   .   i - +2 hat {Int+3}
rElec    +         Reflect  .   P - +2 cloak {rF+}
rCorr    .         Harm     .   t - +2 pair of gloves
MR       ++...     Clarity  +   X - +2 pair of boots of Melancholy {rF+ MR+ Slay+2}
Stlth    ++........             Z - amulet of Vitality {Regen+ HP+15}
HPRegen  0.78/turn              D - ring "Byawesywn" {rC+ MP+9 SInv}
MPRegen  0.36/turn              k - ring "Odemetia" {rPois rC- rN+++ MP+9 Int+4}

@: no status effects
A: big wings, hooves 1, clarity, fire resistance 1, negative energy resistance
1, sense surroundings 1, electricity resistance, unbreathing, petrification
resistance, rot immunity, AC +19
}: 3/15 runes: decaying, silver, gossamer
a: Fly, Renounce Religion


You were on level 1 of the Crypt.
You worshipped Vehumet.
Vehumet was exalted by your worship.
You were not hungry.

You visited 9 branches of the dungeon, and saw 41 of its levels.
You visited the Abyss 2 times.
You also visited: Ice Cave, Volcano and Desolation.

You collected 7488 gold pieces.
You spent 4930 gold pieces at shops.

Inventory:

Hand Weapons
 o - the +16 lance "Wyrmbane" {slay drac, rPois rF+ rC+ AC+3}
   (You found it in the Desolation of Salt)

   It affects your AC (+3).
   It protects you from fire.
   It protects you from cold.
   It protects you from poison.
 C - a +9 eveningstar of protection (weapon)
Missiles
 e - 3 throwing nets
 l - 583 stones (quivered)
Armour
 i - a +2 hat of intelligence (worn)
 p - the +1 leather armour of the Fiend (worn) {Int+6}
   (You found it in the Desolation of Salt)

   It affects your intelligence (+6).
 t - a +2 pair of gloves (worn)
 E - the +0 helmet "Jeottipt" {rC- rCorr Int+6 Slay-3}
   (You acquired it on level 5 of the Vaults)

   It affects your intelligence (+6).
   It affects your accuracy and damage with ranged weapons and melee attacks
   (-3).
   It makes you vulnerable to cold.
   It provides partial protection from all sources of acid and corrosion.
 F - a scarf of cloud immunity
 N - a +0 pair of gloves of dexterity
 P - a +2 cloak of fire resistance (worn)
 Q - the +3 warlock's mirror {reflect}
   (You found it on level 5 of the Vaults)
 X - the +2 pair of boots of Melancholy (worn) {rF+ MR+ Slay+2}
   (You found it on level 3 of the Elven Halls)

   It affects your accuracy and damage with ranged weapons and melee attacks
   (+2).
   It protects you from fire.
   It affects your resistance to hostile enchantments.
Magical Staves
 j - an uncursed staff of wizardry
 Y - an uncursed staff of energy
Jewellery
 k - the ring "Odemetia" (right hand) {rPois rC- rN+++ MP+9 Int+4}
   (You found it in an ice cave)

   [ring of intelligence]

   It affects your intelligence (+4).
   It makes you vulnerable to cold.
   It protects you from poison.
   It renders you almost immune to negative energy.
   It affects your magic capacity (+9).
 D - the ring "Byawesywn" (left hand) {rC+ MP+9 SInv}
   (You found it in an ice cave)

   [ring of magical power]

   It protects you from cold.
   It affects your magic capacity (+9).
   It lets you see invisible.
 T - the ring of Robustness {AC+8}
   (You found it on level 5 of the Vaults)

   [ring of protection]

   It affects your AC (+8).
 Z - the amulet of Vitality (around neck) {Regen+ HP+15}
   (You found it on level 1 of the Crypt)

   [amulet of regeneration]

   It affects your health (+15).
   It increases your rate of regeneration.
Wands
 u - a wand of iceblast (10)
 w - a wand of digging (11)
 K - a wand of clouds (3)
 O - a wand of scattershot (9)
 U - a wand of polymorph (9)
 V - a wand of disintegration (19)
Scrolls
 b - 2 scrolls of magic mapping
 c - 7 scrolls of fear
 h - 16 scrolls of teleportation
 m - 11 scrolls of remove curse
 z - 2 scrolls of amnesia
 I - 6 scrolls of fog
 M - 4 scrolls of blinking
 W - 9 scrolls of identify
Potions
 g - 4 potions of ambrosia
 q - 3 potions of mutation
 r - 20 potions of curing
 s - 3 potions of brilliance
 x - a potion of cancellation
 A - 7 potions of berserk rage
 B - 7 potions of heal wounds
 G - 2 potions of magic
 H - 4 potions of haste
 J - 2 potions of stabbing
 L - a potion of might
 R - 6 potions of resistance
Miscellaneous
 a - 4 phantom mirrors
 n - a box of beasts
 v - a lightning rod (4/4)
 y - a phial of floods
Comestibles
 d - 51 rations


   Skills:
 + Level 16.2 Fighting
 - Level 14.0 Maces & Flails
 - Level 6.0 Armour
 + Level 12.9 Dodging
 - Level 2.1 Stealth
 + Level 3.2 Shields
 + Level 14.8 Spellcasting
 + Level 17.1 Conjurations
 - Level 5.0 Necromancy
   Level 0.7 Transmutations
 * Level 20.2 Fire Magic
 + Level 18.7 Earth Magic
 - Level 6.0 Evocations


You had 11 spell levels left.
You knew the following spells:

 Your Spells              Type           Power        Failure   Level  Hunger
a - Sandblast             Erth           ######       0%          1    None
b - Stone Arrow           Conj/Erth      ######       0%          3    None
c - Lee's Rapid Deconstr  Erth           ########..   0%          5    None
d - Iron Shot             Conj/Erth      ########..   1%          6    None
f - Starburst             Conj/Fire      ########..   1%          6    None
g - Ignition              Fire           ########..   1%          8    #####..
h - Dispel Undead         Necr           ######..     1%          4    None
i - Shatter               Erth           ########..   17%         9    #######

Your spell library contained the following spells:

 Spells                   Type           Power        Failure   Level  Hunger
 Fire Storm               Conj/Fire      ########..   17%         9    #######
 Absolute Zero            Ice            ####......   100%        9    #######
 Bolt of Magma            Conj/Fire/Erth ########..   0%          5    None
 Beastly Appendage        Tmut           ####..       1%          1    None
 Corona                   Hex            ####...      1%          1    None
 Infusion                 Chrm           ####         1%          1    None
 Sting                    Tmut/Pois      ####         1%          1    None
 Summon Small Mammal      Summ           ####         1%          1    None
 Corpse Rot               Necr/Air       N/A          1%          2    None
 Passwall                 Tmut/Erth      #######.     1%          2    None
 Ignite Poison            Fire/Tmut/Pois ######..     1%          3    None
 Inner Flame              Hex/Fire       #######.     1%          3    None
 Mephitic Cloud           Conj/Pois/Air  ######..     1%          3    None
 Leda's Liquefaction      Hex/Erth       #######...   1%          4    None
 Petrify                  Tmut/Erth      #######.     1%          4    None
 Borgnjor's Vile Clutch   Necr/Erth      #######...   1%          5    None
 Call Imp                 Summ           ####....     2%          2    None
 Poisonous Vapours        Pois/Air       ####..       2%          2    None
 Shroud of Golubria       Chrm/Tloc      ####..       2%          2    None
 Slow                     Hex            ####....     2%          2    None
 Song of Slaying          Chrm           ####....     2%          2    None
 Swiftness                Chrm/Air       ####....     2%          2    None
 Call Canine Familiar     Summ           ####....     4%          3    None
 Confusing Touch          Hex            ####....     4%          3    None
 Gell's Gravitas          Tloc           ####......   4%          3    None
 Ozocubu's Armour         Chrm/Ice       ####....     4%          3    None
 Portal Projectile        Hex/Tloc       ####..       4%          3    None
 Spectral Weapon          Hex/Chrm       ####....     4%          3    None
 Summon Guardian Golem    Hex/Summ       ####....     4%          3    None
 Olgreb's Toxic Radiance  Pois           ####....     4%          4    None
 Agony                    Necr           ######..     5%          5    None
 Yara's Violent Unravell  Hex/Tmut       ####......   10%         5    None
 Cause Fear               Hex            ####......   14%         4    None
 Passage of Golubria      Tloc           N/A          14%         4    None
 Summon Ice Beast         Ice/Summ       ####....     14%         4    None
 Summon Lightning Spire   Summ/Air       ####....     14%         4    None
 Excruciating Wounds      Chrm/Necr      #####.....   14%         5    None
 Ring of Flames           Chrm/Fire      #######...   19%         7    ####...
 Death Channel            Necr           ######....   28%         6    None
 Metabolic Englaciation   Hex/Ice        ####......   38%         5    None
 Silence                  Hex/Air        ####......   38%         5    None
 Darkness                 Hex            ####......   92%         6    None
 Deflect Missiles         Chrm/Air       ####......   92%         6    None
 Invisibility             Hex            ####....     92%         6    None
 Dragon Form              Tmut           ####......   100%        7    ####...
 Malign Gateway           Summ/Tloc      ####......   100%        7    ####...
 Monstrous Menagerie      Summ           ####......   100%        7    ####...
 Summon Greater Demon     Summ           ####......   100%        7    ####...
 Discord                  Hex            ####......   100%        8    #####..
 Summon Horrible Things   Summ           ####......   100%        8    #####..
 Sublimation of Blood     Necr           Unusable     N/A         2    N/A
 Statue Form              Tmut/Erth      Unusable     N/A         6    N/A

Dungeon Overview and Level Annotations

Branches:
Dungeon (15/15)            Temple (1/1) D:5            Lair (6/6) D:8
  Swamp (4/4) Lair:4       Spider (4/4) Lair:4        Slime (0/5) Lair:6
    Orc (2/2) D:9             Elf (3/3) Orc:2        Vaults (5/5) D:14
  Crypt (1/3) Vaults:2     Depths (0/5) D:15          IceCv (visited)
Volcano (visited)         Desolation (visited)

Altars:
Ashenzari
Cheibriados
Dithmenos
Elyvilon
Fedhas
Gozag
Hepliaklqana
Kikubaaqudgha
Makhleb
Nemelex Xobeh
Okawaru
Qazlal
Ru
Sif Muna
Trog
Uskayaw
Vehumet
Wu Jian
Xom
Yredelemnul
Zin
The Shining One

Shops:
D:10 !   Orc:2 *(=!   Elf:1 *   Elf:3 !   Vaults:2 *==}   Vaults:5 ??!!?

Annotations:
D:3 3 runed translucent doors, fly's ghost, amateur DgTm
Elf:2 2 runed translucent doors
Crypt:1 Frederick


Innate Abilities, Weirdness & Mutations

You are resistant to torment.
Your stone body is resilient. (AC +19)
You are immune to poison.
Your large and strong wings let you fly indefinitely.
You resist negative energy. (rN+)
You are resistant to electric shocks. (rElec)
You can survive without breathing.
You are immune to petrification.
You are immune to rotting.
You have large cloven feet.
You possess an exceptional clarity of mind.
Your flesh is heat resistant. (rF+)
You passively map a small area around you.


Message History

Frederick summons a servant imbued with his destructive magic!
Casting: Iron Shot (safe; 1% risk of failure)
Confirm with . or Enter, or press ? or * to list all spells.
Aiming: Iron Shot (safe; 1% risk of failure)
Press: ? - help, Shift-Dir - straight line, f/p - Frederick
Aim: Frederick, wielding a +3 halberd of venom and wearing a +2 chain mail of fire resistance (moderately wounded)
The iron shot hits Frederick!!
Frederick is heavily wounded.
Casting: Iron Shot (safe; 1% risk of failure)
Confirm with . or Enter, or press ? or * to list all spells.
Aiming: Iron Shot (safe; 1% risk of failure)
Press: ? - help, Shift-Dir - straight line, f/p - Frederick
Aim: Frederick, wielding a +3 halberd of venom and wearing a +2 chain mail of fire resistance (heavily wounded)
The iron shot hits Frederick!!!
Frederick is severely wounded.
The spellforged servitor hums quietly as it recharges.
Frederick points at you and mumbles some strange words.
The iron shot hits you!!!!
Ouch! That really hurt!
You die...

......[....#............##*
...)........#.#..#.......#**
..............#.......#...#
.<.|).....#..........###..#.
...........#.....[.#...##V.V
.........##......###..##..#.,
....).).......##.##.....Z.# ,
...).)..##..###..#8.)....##
...........###..@...@....#
...))$$.....#....#..Z..#.# ,
.........#......#.#....#...
..#[).....#.#.##.#.#8#.# #..
....).......##8#.#.####$# #.
....))....###*###### *##
###....#### * * ** ,......,,
, , , , , ........ , , ,


You could see Frederick, a spellforged servitor and a spiny frog zombie.

Vanquished Creatures
  Khufu (Crypt:1)
  Mara (Spider:4)
  4 ancient liches (Vaults:5)
  A greater mummy (Crypt:1)
  Saint Roka (Vaults:3)
  A golden dragon (Vaults:4)
  Nikola (Spider:1)
  A bone dragon (Abyss:2)
  4 tentacled monstrosities
  Jorgrun (Spider:3)
  A deep elf master archer (Elf:3)
  5 titans (Vaults:5)
  Asterion (Spider:2)
  A quicksilver dragon (Vaults:4)
  Gastronok (Lair:2)
  3 deep elf blademasters (Elf:3)
  3 sphinxes
  3 tentacled starspawn (Abyss:2)
  An ancient champion (Crypt:1)
  5 thorn hunters
  4 shadow dragons
  2 tengu reavers (Vaults:5)
  Donald (Swamp:4)
  Kirke (Lair:3)
  4 storm dragons
  2 fire giants (Vaults:3)
  Roxanne (Spider:3)
  3 orc warlords
  3 imperial myrmidons (Desolation)
  3 frost giants
  17 deep elf sorcerers
  6 emperor scorpions
  Aizul (Spider:1)
  2 iron dragons
  6 deep elf elementalists
  8 vault wardens
  The ghost of Byowopamp the Geomancer, an adept DEWz of Vehumet (Spider:2)
  3 ghost moths
  9 ironheart preservers
  6 very ugly things
  3 war gargoyles
  3 entropy weavers
  4 stone giants
  6 vampire knights
  5 deep elf demonologists
  2 halazid warlocks (Desolation)
  A red draconian (Volcano)
  9 deep elf annihilators
  4 spark wasps
  12 deep elf death magi
  5 eidola (Crypt:1)
  2 jiangshi (Crypt:1)
  Snorg (D:13)
  2 crystal guardians
  5 ettins
  4 mummy priests (Crypt:1)
  3 deep elf high priests
  3 rakshasas
  12 yaktaur captains
  3 fire dragons
  2 great orbs of eyes
  3 ragged hierophants (Desolation)
  3 ice dragons
  5 servants of whispers (Desolation)
  4 shambling mangroves
  The ghost of Tux the Tainter, a journeyman FoVM of Vehumet (D:12)
  An ice dragon (shapeshifter) (Elf:3)
  16 hydras
  26 vault guards
  8 centaur warriors
  A peacekeeper (Desolation)
  38 two-headed ogres
  11 alligators
  A tengu warrior (D:15)
  2 death knights
  8 death scarabs (Spider:4)
  A deep troll shaman (Vaults:4)
  6 death yaks (Lair:6)
  13 ogre magi
  A deep troll earth mage (Vaults:4)
  14 dancing weapons
  Urug (Lair:5)
  5 orc high priests (Orc:2)
  19 deep elf knights
  A vampire mage (Crypt:1)
  2 wretched stars (Abyss:2)
  Nergalle (D:10)
  16 skeletal warriors
  A salamander mystic (Volcano)
  A sixfirhy (Abyss:2)
  A shadow wraith (Vaults:4)
  A spectral emperor scorpion (Spider:4)
  A shadow demon (Abyss:2)
  10 deep trolls
  A storm dragon skeleton (Abyss:2)
  3 flayed ghosts
  2 swamp dragons
  4 spectral hydras (Swamp:4)
  2 unseen horrors (shapeshifter)
  3 spectral wolf spiders (Spider:4)
  3 large abominations (Abyss:2)
  15 deep elf archers
  3 spriggan druids (Swamp:4)
  5 wizards
  A sphinx zombie (Vaults:5)
  3 wolf spider zombies
  A lindwurm (Lair:6)
  An orb spider (shapeshifter) (Vaults:2)
  22 ironbrand convokers
  6 phantasmal warriors
  4 necromancers
  A faun (shapeshifter) (Vaults:5)
  15 orc knights
  8 orc sorcerers
  2 fire giant zombies (Vaults:5)
  A shining eye (Abyss:2)
  11 orb spiders
  A manticore (shapeshifter) (Vaults:5)
  6 oklob plants
  31 ugly things
  A worldbinder (Abyss:2)
  2 cyclopes
  2 moths of wrath
  26 wolf spiders
  A cyclops (shapeshifter) (Vaults:4)
  67 deep elf magi
  5 salamanders (Volcano)
  A manticore (D:15)
  2 ice statues (IceCv)
  A guardian serpent (Desolation)
  5 black mambas (Lair:6)
  6 elephants
  7 centaur zombies
  3 molten gargoyles (Lair:6)
  16 spiny frogs
  2 torpor snails
  Psyche (D:9)
  A minotaur zombie (Crypt:1)
  2 spectral redbacks (Spider:4)
  16 vault sentinels
  2 gargoyles (D:15)
  4 rime drakes
  An efreet (Abyss:2)
  16 demonic crawlers
  12 freezing wraiths
  22 yaktaurs
  A yaktaur (shapeshifter) (Elf:2)
  2 ancient zymes (Abyss:2)
  2 hydra zombies (Swamp:4)
  A pale draconian skeleton (Crypt:1)
  4 guardian mummies (Crypt:1)
  14 komodo dragons
  A queen bee (Lair:1)
  A silent spectre (Abyss:2)
  3 meliai (Spider:2)
  3 death drake zombies (Swamp:4)
  13 trolls
  34 jumping spiders
  A shadow dragon simulacrum (Vaults:5)
  A polar bear (D:11)
  A queen bee (shapeshifter) (Vaults:3)
  8 bog bodies
  6 tyrant leeches
  4 spectral tarantellas (Spider:4)
  25 saltlings (Desolation)
  25 hornets
  16 blink frogs
  A raiju (shapeshifter) (Vaults:5)
  42 slime creatures
  A dream sheep (shapeshifter) (Elf:3)
  9 hippogriffs
  2 spectral jumping spiders (Spider:4)
  4 tarantella zombies (Spider:4)
  A frost giant simulacrum (Vaults:3)
  2 jumping spider zombies (Spider:4)
  A meliai zombie (D:15)
  4 air elementals
  71 redbacks
  5 spriggans
  3 flying skulls (Crypt:1)
  40 tarantellas
  4 wyverns
  4 water elementals
  4 fire elementals
  6 wraiths
  2 ynoxinuls (Abyss:2)
  A hog (shapeshifter) (Vaults:1)
  5 shadows
  22 yaks
  Grum (D:10)
  4 basilisks
  A basilisk (shapeshifter) (Vaults:1)
  A hog (Lair:4)
  19 humans (D:14)
  2 steam dragons (Lair:6)
  18 vampire mosquitoes
  2 hungry ghosts
  A neqoxec (Abyss:2)
  18 swamp worms
  18 insubstantial wisps
  10 water moccasins
  13 wargs
  3 acid dragons
  2 hydra simulacra (Swamp:4)
  5 hell hounds (Lair:6)
  A soldier ant (shapeshifter) (D:14)
  7 porcupines
  2 spectral hornets (Spider:4)
  15 swamp drakes
  A soldier ant (D:11)
  3 black bears
  57 orc warriors
  A torturous demonspawn skeleton (Crypt:1)
  20 ice beasts
  3 sky beasts
  2 elephant zombies (Lair:3)
  4 phantoms
  4 necrophages (D:12)
  5 hornet zombies
  36 ogres
  4 boggarts (Vaults:2)
  6 small abominations (Abyss:2)
  2 swamp dragon zombies (Swamp:4)
  5 eyes of draining
  10 wolves
  A blink frog zombie (Crypt:1)
  3 swamp dragon skeletons (Swamp:4)
  26 centaurs
  A big kobold (shapeshifter) (Vaults:4)
  5 crocodiles
  13 bullfrogs
  A big kobold (D:13)
  A wyvern zombie (D:11)
  A gnoll sergeant (D:6)
  5 earth elementals
  11 scorpions
  A water moccasin skeleton (D:6)
  24 killer bees (Lair:1)
  2 orc simulacra (Vaults:1)
  2 human simulacra
  14 wights
  A howler monkey (D:5)
  3 electric eels
  A bullfrog zombie (D:12)
  5 lava snakes (Lair:6)
  11 crimson imps
  9 jellies
  41 orc priests
  25 orc wizards
  A basilisk zombie (Lair:3)
  3 centaur skeletons
  6 hounds
  5 iguanas
  8 worker ants
  A crocodile zombie (Lair:3)
  A sky beast zombie (Crypt:1)
  A demigod skeleton (Crypt:1)
  A mummy (Crypt:1)
  4 hound skeletons
  A hound zombie (D:10)
  3 howler monkey zombies
  A worker ant zombie (D:8)
  2 howler monkey skeletons
  15 adders
  15 gnolls
  6 shadow imps
  7 white imps (D:11)
  2 ufetubi
  An ooze (D:4)
  3 worms
  2 dart slugs (D:1)
  3 leopard geckos
  128 orcs
  4 giant cockroaches
  7 goblins
  4 hobgoblins
  11 kobolds
  3 quokkas
  A ball python (D:3)
  6 bats
  5 frilled lizards
  A giant cockroach zombie (D:6)
  A jackal skeleton (D:6)
  A quokka skeleton (D:6)
  21 rats
  10 briar patches
  A bush (D:12)
  A fungus (Lair:6)
  3 starspawn tentacles (Abyss:2)
2029 creatures vanquished.

Vanquished Creatures (collateral kills)
  A bullfrog (D:13)
1 creature vanquished.

Vanquished Creatures (others)
  4 deep elf knights
  3 deep elf archers (Elf:2)
  8 deep elf magi
  A guardian serpent (Desolation)
  A saltling (Desolation)
  A tarantella (Spider:4)
  4 briar patches (Swamp:4)
  2 bushes (D:12)
  8 fungi
  25 plants
  10 starspawn tentacles (Abyss:2)
67 creatures vanquished.

Grand Total: 2097 creatures vanquished

Notes
Turn   | Place    | Note
-------+----------+-------------------------------------------
     0 | D:1      | Zir the Gargoyle Earth Elementalist began the quest for the
                  | Orb.
     0 | D:1      | Reached XP level 1. HP: 10/10 MP: 3/3
   141 | D:1      | Reached XP level 2. HP: 7/15 MP: 0/5
   408 | D:1      | Reached XP level 3. HP: 17/19 MP: 6/6
   413 | D:1      | Learned a level 3 spell: Stone Arrow
   852 | D:2      | Found a glowing silver altar of Zin.
   913 | D:2      | Reached skill level 1 in Conjurations
   954 | D:2      | Found a bloodstained altar of Trog.
  1246 | D:2      | Reached XP level 4. HP: 21/24 MP: 8/8
  1686 | D:3      | Found a runed translucent gate.
  1687 | D:3      | Found a runed translucent gate.
  1687 | D:3      | Found a runed translucent gate.
  1688 | D:3      | Noticed a big kobold
  1688 | D:3      | Noticed fly's ghost (amateur DgTm)
  1689 | D:3      | Identified the +1 dagger of Battle {venom, rElec rF- Str+2}
  1860 | D:3      | Reached skill level 5 in Earth Magic
  1877 | D:3      | Reached XP level 5. HP: 28/28 MP: 6/10
  2333 | D:3      | Found a shimmering blue altar of Sif Muna.
  2497 | D:4      | Learned a level 5 spell: Lee's Rapid Deconstruction
  2539 | D:4      | Reached XP level 6. HP: 18/32 MP: 9/11
  2636 | D:4      | Found an ancient bone altar of Kikubaaqudgha.
  3068 | D:4      | Reached XP level 7. HP: 25/36 MP: 13/13
  3888 | D:5      | Entered Level 5 of the Dungeon
  4141 | D:5      | Found a staircase to the Ecumenical Temple.
  4148 | Temple   | Entered the Ecumenical Temple
  4215 | D:5      | Reached skill level 5 in Spellcasting
  4215 | D:5      | Reached skill level 5 in Conjurations
  4215 | D:5      | Reached XP level 8. HP: 11/41 MP: 7/15
  4986 | D:6      | HP: 2/41 [orc warrior/+2 vorpal mace (3)]
  5318 | D:6      | Found a shimmering altar of Xom.
  5628 | D:6      | Reached skill level 1 in Fighting
  5628 | D:6      | Reached skill level 1 in Armour
  5628 | D:6      | Reached XP level 9. HP: 33/47 MP: 15/18
  5631 | D:6      | Reached skill level 1 in Maces & Flails
  5749 | D:6      | Gained mutation: You have large cloven feet. [potion of
                  | mutation]
  5749 | D:6      | Gained mutation: You are dopey. (Int -2) [potion of
                  | mutation]
  5749 | D:6      | Gained mutation: You passively map a small area around you.
                  | [potion of mutation]
  5750 | D:6      | Lost mutation: You are dopey. (Int -2) [potion of mutation]
  5750 | D:6      | Gained mutation: You possess an exceptional clarity of
                  | mind. [potion of mutation]
  5750 | D:6      | Gained mutation: Your flesh is heat resistant. (rF+)
                  | [potion of mutation]
  5786 | D:6      | Found a sparkling altar of Nemelex Xobeh.
  6510 | D:7      | Found an iron altar of Okawaru.
  7152 | D:8      | Found a staircase to the Lair.
  7474 | D:8      | Reached XP level 10. HP: 56/56 MP: 0/20
  8514 | D:9      | Found a shimmering altar of Xom.
  8514 | D:9      | Found a radiant altar of Vehumet.
  8534 | D:9      | Became a worshipper of Vehumet
  8550 | D:9      | Noticed Psyche
  8550 | D:9      | Noticed a two-headed ogre
  8559 | D:9      | Killed a two-headed ogre
  8596 | D:9      | Killed Psyche
  8960 | D:9      | Reached * piety under Vehumet
  8960 | D:9      | Offered knowledge of Foxfire by Vehumet.
  9074 | D:9      | Found a staircase to the Orcish Mines.
  9099 | D:9      | Reached skill level 10 in Earth Magic
  9110 | D:9      | Reached skill level 5 in Fighting
  9111 | D:9      | Reached XP level 11. HP: 35/63 MP: 15/22
  9239 | D:9      | Found an ornate altar of the Wu Jian Council.
  9547 | D:9      | Reached skill level 5 in Armour
  9885 | D:10     | Entered Level 10 of the Dungeon
 10179 | D:10     | Noticed Grum
 10187 | D:10     | Killed Grum
 10426 | D:10     | Noticed a two-headed ogre
 10432 | D:10     | Killed a two-headed ogre
 10432 | D:10     | Reached skill level 5 in Maces & Flails
 10432 | D:10     | Reached skill level 1 in Evocations
 10483 | D:10     | Reached ** piety under Vehumet
 10538 | D:10     | Offered knowledge of Freeze by Vehumet.
 10550 | D:10     | Found Pieh's Distillery.
 10553 | D:10     | Bought 2 potions of heal wounds for 140 gold pieces
 10553 | D:10     | Bought a potion of heal wounds for 70 gold pieces
 11074 | D:10     | Noticed Nergalle
 11085 | D:10     | Killed Nergalle
 11370 | D:11     | Found a frozen archway.
 11405 | D:11     | Identified a scroll of acquirement
 11405 | D:11     | Identified the +8 morningstar of the Pill Bug {vorpal,
                  | rPois rN+ MR+ Dex-2} (You acquired it on level 11 of the
                  | Dungeon)
 11432 | IceCv    | Entered an ice cave
 11620 | IceCv    | Reached skill level 5 in Dodging
 12162 | IceCv    | Reached XP level 12. HP: 71/71 MP: 3/24
 12382 | IceCv    | Noticed an ice dragon
 12387 | IceCv    | Noticed an ice dragon
 12396 | IceCv    | Killed an ice dragon
 12398 | IceCv    | Killed an ice dragon
 12588 | IceCv    | Got a coiled wooden ring
 12590 | IceCv    | Identified the ring "Byawesywn" {rC+ MP+9 SInv} (You found
                  | it in an ice cave)
 12601 | IceCv    | Got a flickering ivory ring
 12603 | IceCv    | Identified the ring "Odemetia" {rPois rC- rN+++ MP+9 Int+4}
                  | (You found it in an ice cave)
 13109 | D:11     | Noticed a two-headed ogre
 13111 | D:11     | Offered knowledge of Frozen Ramparts by Vehumet.
 13124 | D:11     | Killed a two-headed ogre
 13182 | D:11     | Identified the cursed +1 quarterstaff of Zibu {elec, MR-
                  | Dex+4}
 13199 | D:11     | Reached *** piety under Vehumet
 13694 | D:12     | Found a transporter.
 13698 | D:12     | Noticed Tux's ghost (journeyman FoVM)
 13698 | D:12     | Noticed a two-headed ogre
 13720 | D:12     | Found a transporter.
 13764 | D:12     | Offered knowledge of Fulminant Prism by Vehumet.
 14422 | D:12     | Reached **** piety under Vehumet
 14547 | D:12     | Killed a two-headed ogre
 14547 | D:12     | Offered knowledge of Static Discharge by Vehumet.
 14554 | D:12     | Killed Tux's ghost
 14781 | D:12     | Found a blossoming altar of Fedhas.
 14857 | D:12     | Reached skill level 10 in Conjurations
 14857 | D:12     | Reached XP level 13. HP: 75/78 MP: 25/25
 15726 | D:13     | Noticed Snorg
 16124 | D:13     | Killed Snorg
 16145 | D:13     | Found a basalt altar of Yredelemnul.
 16434 | D:14     | Reached ***** piety under Vehumet
 16434 | D:14     | Offered knowledge of Bolt of Magma by Vehumet.
 16447 | D:14     | Learned a level 5 spell: Bolt of Magma
 16566 | D:14     | Reached skill level 5 in Evocations
 16584 | D:14     | Reached skill level 1 in Fire Magic
 16776 | D:14     | Found a gate to the Vaults.
 16776 | D:14     | Noticed a vault guard
 16776 | D:14     | Noticed a vault guard
 16796 | D:14     | Killed a vault guard
 16796 | D:14     | Reached skill level 2 in Fire Magic
 16800 | D:14     | Killed a vault guard
 17158 | D:14     | Noticed a fire dragon
 17166 | D:14     | Killed a fire dragon
 17591 | D:14     | Reached skill level 3 in Fire Magic
 18035 | Lair:1   | Entered Level 1 of the Lair of Beasts
 18395 | Lair:1   | Learned a level 4 spell: Dispel Undead
 19246 | Lair:2   | Noticed Gastronok
 19256 | Lair:2   | Killed Gastronok
 19256 | Lair:2   | Reached skill level 1 in Necromancy
 19256 | Lair:2   | Reached skill level 4 in Fire Magic
 19256 | Lair:2   | Gained mutation: Your large and strong wings let you fly
                  | indefinitely. [Gargoyle growth]
 19256 | Lair:2   | Reached XP level 14. HP: 84/84 MP: 5/27
 20731 | Lair:4   | Noticed Kirke
 20752 | Lair:4   | Noticed a sphinx
 20983 | Lair:3   | Killed Kirke
 21042 | Lair:4   | Found a stormy altar of Qazlal.
 21236 | Lair:4   | Found a hole to the Spider Nest.
 21257 | Lair:4   | Reached skill level 5 in Fire Magic
 21779 | Lair:4   | Found a staircase to the Swamp.
 22158 | Lair:5   | Offered knowledge of Sticky Flame by Vehumet.
 22586 | Lair:5   | Noticed Urug
 22706 | Lair:5   | Killed Urug
 23096 | Lair:6   | Entered Level 6 of the Lair of Beasts
 23218 | Lair:6   | Reached skill level 6 in Fire Magic
 23227 | Lair:6   | Found a sacrificial altar of Ru.
 23318 | Lair:6   | Found a large runed translucent door.
 23318 | Lair:6   | Found a large runed translucent door.
 23325 | Lair:6   | Found a dark tunnel.
 23334 | Volcano  | Entered a volcano
 23608 | Volcano  | Noticed a red draconian
 23627 | Volcano  | Killed a red draconian
 23887 | Volcano  | Reached skill level 10 in Spellcasting
 24137 | Lair:6   | Reached XP level 15. HP: 89/92 MP: 29/29
 24138 | Lair:6   | Reached skill level 9 in Fire Magic
 24138 | Lair:6   | Reached XP level 16. HP: 93/96 MP: 30/30
 24681 | Lair:6   | Found a staircase to the Slime Pits.
 24780 | Lair:6   | Offered knowledge of Lightning Bolt by Vehumet.
 25907 | Orc:1    | Entered Level 1 of the Orcish Mines
 25914 | Orc:1    | Reached skill level 10 in Fighting
 26350 | Orc:2    | Entered Level 2 of the Orcish Mines
 27046 | Orc:2    | Found an iron altar of Okawaru.
 27133 | Orc:2    | Reached ****** piety under Vehumet
 27152 | Orc:2    | Offered knowledge of Starburst by Vehumet.
 27152 | Orc:2    | Reached skill level 10 in Fire Magic
 27396 | Orc:2    | Found a staircase to the Elven Halls.
 27836 | Orc:2    | Learned a level 6 spell: Starburst
 28049 | Orc:2    | Found Bujicai's Assorted Antiques.
 28050 | Orc:2    | Found Idewajutz's Jewellery Emporium.
 28050 | Orc:2    | Found Kaett's Antique Weapon Shoppe.
 28051 | Orc:2    | Found Vios's Distillery.
 28061 | Orc:2    | Bought a crooked wooden wand for 84 gold pieces
 28065 | Orc:2    | Bought a potion of curing for 39 gold pieces
 28065 | Orc:2    | Bought a potion of might for 52 gold pieces
 28065 | Orc:2    | Bought a potion of curing for 39 gold pieces
 28065 | Orc:2    | Bought a potion of invisibility for 104 gold pieces
 28065 | Orc:2    | Bought a potion of heal wounds for 65 gold pieces
 28065 | Orc:2    | Bought a potion of curing for 39 gold pieces
 28409 | D:15     | Entered Level 15 of the Dungeon
 28904 | D:15     | Found a staircase to the Depths.
 28947 | D:15     | Reached XP level 17. HP: 97/103 MP: 25/31
 29205 | D:15     | Offered knowledge of Iron Shot by Vehumet.
 29226 | D:15     | Found a glowing golden altar of the Shining One.
 29860 | Spider:1 | Entered Level 1 of the Spider Nest
 29862 | Spider:1 | Noticed Nikola
 29878 | Spider:1 | Killed Nikola
 30597 | Spider:1 | Noticed Aizul
 30604 | Spider:1 | Killed Aizul
 30604 | Spider:1 | Reached skill level 11 in Fire Magic
 31137 | Spider:2 | Reached skill level 5 in Necromancy
 31511 | Spider:2 | Learned a level 6 spell: Iron Shot
 31540 | Spider:2 | Reached skill level 10 in Maces & Flails
 31547 | Spider:2 | Offered knowledge of Spellforged Servitor by Vehumet.
 32097 | Spider:2 | Found a runed translucent gate.
 32097 | Spider:2 | Found a runed translucent gate.
 32100 | Spider:2 | Noticed Byowopamp's ghost (adept DEWz)
 32101 | Spider:2 | Found a runed translucent gate.
 32138 | Spider:2 | Killed Byowopamp's ghost
 32433 | Spider:3 | Noticed Jorgrun
 32433 | Spider:3 | Noticed Asterion
 32865 | Spider:2 | HP: 5/104 [Asterion/+1 vampiric demon whip (10)]
 33147 | Spider:2 | Killed Asterion
 33233 | Spider:3 | Killed Jorgrun
 33323 | Spider:3 | Reached XP level 18. HP: 55/110 MP: 33/33
 33606 | Spider:3 | Reached skill level 12 in Fire Magic
 33878 | Spider:3 | Identified Roxanne's Disquisition on Shape Shifting
 33878 | Spider:3 | Noticed Roxanne
 33943 | Spider:3 | Killed Roxanne
 34077 | Spider:4 | Entered Level 4 of the Spider Nest
 34193 | Swamp:1  | Entered Level 1 of the Swamp
 34245 | Swamp:1  | Offered knowledge of Orb of Destruction by Vehumet.
 34944 | Swamp:1  | Got a translucent steel amulet
 34945 | Swamp:1  | Identified the amulet of Fodapoy {Acrobat rElec Stlth+}
                  | (You found it on level 1 of the Swamp)
 35491 | Swamp:2  | Noticed a tentacled monstrosity
 35497 | Swamp:2  | Killed a tentacled monstrosity
 36575 | Swamp:3  | Offered knowledge of Fire Storm by Vehumet.
 36575 | Swamp:3  | Offered knowledge of Ignition by Vehumet.
 36575 | Swamp:3  | Offered knowledge of Absolute Zero by Vehumet.
 36585 | Swamp:3  | Learned a level 8 spell: Ignition
 37039 | Swamp:3  | Reached skill level 13 in Fire Magic
 37097 | Swamp:4  | Entered Level 4 of the Swamp
 37690 | Swamp:4  | Noticed Donald
 37933 | Swamp:4  | Killed Donald
 37936 | Swamp:4  | Reached skill level 14 in Fire Magic
 38391 | Swamp:4  | Reached XP level 19. HP: 96/116 MP: 10/34
 38403 | Swamp:4  | Paralysed by a vampire knight for 2 turns
 38607 | Swamp:4  | Reached skill level 15 in Fire Magic
 38672 | Swamp:4  | Found a blossoming altar of Fedhas.
 38690 | Swamp:4  | Got a decaying rune of Zot
 38843 | Swamp:4  | Found a basalt altar of Yredelemnul.
 39350 | Spider:4 | Noticed Mara
 39710 | Spider:4 | Noticed Zir's illusion
 39834 | Spider:4 | Noticed Zir's illusion
 40236 | Spider:4 | Noticed Zir's illusion
 40242 | Spider:4 | Killed Mara
 40242 | Spider:4 | Reached skill level 15 in Earth Magic
 42211 | Spider:4 | Got a gossamer rune of Zot
 42687 | Elf:1    | Entered Level 1 of the Elven Halls
 42717 | Elf:1    | Got a steaming tin ring
 42787 | Elf:1    | Identified the ring "Uroed" {rPois rF+} (You found it on
                  | level 1 of the Elven Halls)
 42810 | Elf:1    | Found Hosext's Assorted Antiques.
 42831 | Elf:1    | Bought a potion of heal wounds for 150 gold pieces
 42831 | Elf:1    | Bought a potion of curing for 90 gold pieces
 43000 | Elf:1    | Reached XP level 20. HP: 123/123 MP: 36/36
 43000 | Elf:1    | Reached skill level 10 in Dodging
 43314 | Elf:1    | Reached skill level 16 in Fire Magic
 44115 | Elf:2    | Found the +9 sword of Zonguldrok {reap}
 44475 | Elf:2    | Found a runed translucent door.
 44518 | Elf:2    | Found a runed translucent door.
 44628 | Elf:3    | Entered Level 3 of the Elven Halls
 45045 | Elf:3    | Found Zinoecikke's Distillery.
 45052 | Elf:3    | Bought a potion of might for 84 gold pieces
 45052 | Elf:3    | Bought a potion of heal wounds for 105 gold pieces
 45052 | Elf:3    | Bought a potion of curing for 63 gold pieces
 45052 | Elf:3    | Bought a potion of ambrosia for 168 gold pieces
 45052 | Elf:3    | Bought a potion of curing for 63 gold pieces
 45052 | Elf:3    | Bought a potion of haste for 210 gold pieces
 45052 | Elf:3    | Bought a potion of berserk rage for 105 gold pieces
 45052 | Elf:3    | Bought a potion of curing for 63 gold pieces
 45980 | Elf:3    | Cast into level 2 of the Abyss (a deep elf demonologist)
 46039 | Abyss:2  | Found a corrupted altar of Lugonu.
 46090 | Abyss:2  | Found a snail-covered altar of Cheibriados.
 46143 | Abyss:2  | Found a snail-covered altar of Cheibriados.
 46153 | Abyss:2  | Paralysed by a great orb of eyes for 5 turns
 46311 | Abyss:2  | Noticed a bone dragon
 46323 | Abyss:2  | Killed a bone dragon
 46325 | Abyss:2  | Reached XP level 21. HP: 107/129 MP: 19/37
 46540 | Elf:3    | Escaped the Abyss
 46672 | Elf:3    | Cast into level 2 of the Abyss (a deep elf sorcerer)
 46767 | Elf:3    | Escaped the Abyss
 46886 | Elf:3    | Identified the +5 flail of Chance {flame, *Contam rElec
                  | rN+++ Dex+3}
 47123 | Elf:3    | Reached skill level 17 in Fire Magic
 47557 | Elf:3    | Identified the Guide on Ashen Unholy Secrets
 47564 | Elf:3    | Got a pair of bloodstained boots
 47575 | Elf:3    | Identified the +2 pair of boots of Melancholy {rF+ MR+
                  | Slay+2} (You found it on level 3 of the Elven Halls)
 48296 | Vaults:1 | Entered Level 1 of the Vaults
 49485 | Vaults:1 | Reached skill level 15 in Conjurations
 49934 | Vaults:2 | Found Jafef's Jewellery Shop.
 50129 | Vaults:2 | Reached XP level 22. HP: 94/136 MP: 39/39
 50427 | Vaults:2 | Found a staircase to the Crypt.
 50496 | Vaults:2 | You are sucked into a shaft and drop 1 floor!
 50532 | Vaults:3 | Noticed Saint Roka
 50541 | Vaults:3 | Killed Saint Roka
 50610 | Vaults:3 | Found a ruined gateway.
 50627 | Desolati | Entered the Desolation of Salt
 50831 | Desolati | Learned a level 9 spell: Shatter
 50926 | Desolati | Got a smoking platinum ring
 50927 | Desolati | Identified the cursed ring "Taaluufe" {*Drain Str+6 Int-3}
                  | (You found it in the Desolation of Salt)
 50932 | Desolati | Got a bound granite ring
 50933 | Desolati | Identified the cursed ring "Duagoafa" {Str+7 Int-4} (You
                  | found it in the Desolation of Salt)
 51120 | Desolati | Reached skill level 18 in Fire Magic
 51401 | Desolati | Identified the ring "Cyntinio" {+Fly rElec rC- SInv}
 51459 | Desolati | Found the +8 lance "Wyrmbane" {slay drac, rPois rF+ rC+
                  | AC+3}
 51466 | Desolati | Identified the +1 leather armour of the Fiend {Int+6} (You
                  | found it in the Desolation of Salt)
 51817 | Vaults:2 | Found Fuibupse's Jewellery Boutique.
 51818 | Vaults:2 | Found Sewukhlan's Gadget Boutique.
 51862 | Vaults:2 | Found Goihu's Assorted Antiques.
 51938 | Vaults:2 | Bought a scroll of magic mapping for 91 gold pieces
 51938 | Vaults:2 | Bought a scroll of enchant weapon for 195 gold pieces
 51942 | Vaults:2 | Bought a potion of haste for 260 gold pieces
 53844 | Vaults:4 | Reached XP level 23. HP: 104/143 MP: 40/40
 55437 | Vaults:5 | Entered Level 5 of the Vaults
 55446 | Vaults:5 | Noticed an ancient lich
 55460 | Vaults:5 | Reached skill level 15 in Fighting
 55462 | Vaults:5 | Killed an ancient lich
 55462 | Vaults:5 | Reached skill level 19 in Fire Magic
 56969 | Vaults:5 | Noticed a golden dragon
 56990 | Vaults:4 | Reached XP level 24. HP: 79/151 MP: 41/41
 57540 | Vaults:5 | Noticed an ancient lich
 57543 | Vaults:5 | Killed an ancient lich
 57598 | Vaults:5 | Noticed an ancient lich
 57742 | Vaults:5 | Noticed an ancient lich
 57743 | Vaults:5 | Killed an ancient lich
 57744 | Vaults:5 | Killed an ancient lich
 58136 | Vaults:5 | Found Dublit's Magic Scroll Shop.
 58164 | Vaults:5 | Found Gaemmail's Distillery.
 58166 | Vaults:5 | Bought a scroll of teleportation for 45 gold pieces
 58166 | Vaults:5 | Bought a scroll of magic mapping for 52 gold pieces
 58166 | Vaults:5 | Bought a scroll of identify for 30 gold pieces
 58166 | Vaults:5 | Bought a scroll of identify for 30 gold pieces
 58166 | Vaults:5 | Bought 2 scrolls of teleportation for 90 gold pieces
 58166 | Vaults:5 | Bought a scroll of identify for 30 gold pieces
 58166 | Vaults:5 | Bought a scroll of identify for 30 gold pieces
 58166 | Vaults:5 | Bought a scroll of enchant armour for 112 gold pieces
 58440 | Vaults:5 | Found Ekhij's Distillery.
 58448 | Vaults:5 | Bought a potion of heal wounds for 85 gold pieces
 58511 | Vaults:5 | Found Ekiqenaf's Food Shop.
 58523 | Vaults:5 | Bought a ration for 70 gold pieces
 58523 | Vaults:5 | Bought a ration for 70 gold pieces
 58523 | Vaults:5 | Bought a ration for 70 gold pieces
 58523 | Vaults:5 | Bought a ration for 70 gold pieces
 58523 | Vaults:5 | Bought a ration for 70 gold pieces
 58523 | Vaults:5 | Bought a ration for 70 gold pieces
 58523 | Vaults:5 | Bought a ration for 70 gold pieces
 58523 | Vaults:5 | Bought a ration for 70 gold pieces
 58523 | Vaults:5 | Bought a ration for 70 gold pieces
 58541 | Vaults:5 | Found Nampadd's Magic Scroll Emporium.
 58541 | Vaults:5 | Found Puemmu's Magic Scroll Boutique.
 58545 | Vaults:5 | Bought a scroll of teleportation for 60 gold pieces
 58545 | Vaults:5 | Bought a scroll of teleportation for 60 gold pieces
 58545 | Vaults:5 | Bought a scroll of blinking for 150 gold pieces
 58545 | Vaults:5 | Bought a scroll of teleportation for 60 gold pieces
 58551 | Vaults:5 | Found Moarudile's Food Shoppe.
 58552 | Vaults:5 | Bought a scroll of teleportation for 66 gold pieces
 58552 | Vaults:5 | Bought a scroll of teleportation for 66 gold pieces
 58559 | Vaults:5 | Bought a ration for 70 gold pieces
 58559 | Vaults:5 | Bought a ration for 70 gold pieces
 58559 | Vaults:5 | Bought a ration for 70 gold pieces
 58559 | Vaults:5 | Bought a ration for 70 gold pieces
 58559 | Vaults:5 | Bought a ration for 70 gold pieces
 58559 | Vaults:5 | Bought a ration for 70 gold pieces
 58559 | Vaults:5 | Bought a ration for 70 gold pieces
 58559 | Vaults:5 | Bought a ration for 70 gold pieces
 58736 | Vaults:5 | Found the +3 warlock's mirror {reflect}
 58780 | Vaults:5 | Got a silver rune of Zot
 58798 | Vaults:5 | Found the ring of Robustness {AC+8}
 58809 | Vaults:5 | Identified the Handbook of Assistive Weightlessness
 59451 | Vaults:5 | Identified the +0 helmet "Jeottipt" {rC- rCorr Int+6
                  | Slay-3} (You acquired it on level 5 of the Vaults)
 59560 | Vaults:5 | Identified the +7 spear of Amorality {venom, +Fly rF+ rN+}
 59808 | Vaults:5 | Found Diczemat's Food Boutique.
 59812 | Vaults:5 | Bought a ration for 55 gold pieces
 59812 | Vaults:5 | Bought a ration for 55 gold pieces
 59812 | Vaults:5 | Bought a ration for 55 gold pieces
 59812 | Vaults:5 | Bought a ration for 55 gold pieces
 59812 | Vaults:5 | Bought a ration for 55 gold pieces
 59812 | Vaults:5 | Bought a ration for 55 gold pieces
 59812 | Vaults:5 | Bought a ration for 55 gold pieces
 59812 | Vaults:5 | Bought a ration for 55 gold pieces
 59812 | Vaults:5 | Bought a ration for 55 gold pieces
 60007 | Crypt:1  | Entered Level 1 of the Crypt
 60008 | Crypt:1  | Reached skill level 20 in Fire Magic
 60009 | Crypt:1  | Reached skill level 1 in Shields
 60017 | Crypt:1  | Noticed a greater mummy
 60018 | Crypt:1  | Noticed Khufu
 60024 | Crypt:1  | Killed a greater mummy
 60027 | Crypt:1  | Killed Khufu
 60027 | Crypt:1  | Reached XP level 25. HP: 120/157 MP: 10/41
 60266 | Crypt:1  | Found the amulet of Vitality {Regen+ HP+15}
 60609 | Crypt:1  | Noticed Frederick
 60614 | Crypt:1  | Killed from afar by Frederick

Levels and vault maps discovered:
D:1:      erik_arrival_orb_chamber, layout_loops_ring
D:2:      layout_basic, lemuel_crystal_altar, trog_three_pillars_becter
D:3:      layout_loops_ring, gammafunk_ghost_nasty_kobolds, led_sif_pool
D:4:      layout_loops_corners, nicolae_overflow_crystal_walls
D:5:      layout_gridville, minmay_temple_entry_hall, first_ration
D:6:      layout_loops_ring, lemuel_coloured_pillars_altar, basic_altar,
          kennysheep_generic_room_12
D:7:      minmay_recursive_quarters, layout_basic, kennysheep_mini
D:8:      layout_cave_pods, erik_lair_orcish_takeover, grunt_ogre_cave,
          hangedman_decor_slide_cut
D:9:      minmay_razor_zed, layout_basic, kennysheep_mini_moat,
          chequers_temple_overflow_statue_of_worship,
          minmay_orc_entry_guard_dogs, uniq_psyche
D:10:     layout_grid_maze, serial_shops, nicolae_shop_behind_doors, uniq_grum,
          uniq_nergalle
D:11:     layout_rooms, serial_ice, serial_ice_h, serial_ice_k, serial_ice_m,
          serial_ice_b, serial_ice_d, serial_ice_n,
          portal_ice_cave_entry_pillars_1
D:12:     layout_cave_pods, gammafunk_ghost_arena, serial_bayou_pond_e,
          drop_trap, chequers_serial_rivers_micro_e, fedhas_altar_decomposition
D:13:     layout_basic, hangedman_abyss_or_decor_slice,
          yredelemnul_altar_generic, uniq_snorg, uniq_rupert
D:14:     layout_gridville, grunt_vaults_entry_tiered,
          infiniplex_staircase_zigzag_4
D:15:     hangedman_depths_entry_civil_slaughter, layout_irregular_city,
          minivault_1, lemuel_tele_altar
Temple:   nicolae_temple_no_exploring_needed
Lair:1:   layout_roguey [special_room_bee]
Lair:2:   dpeg_oklob_gauntlet, layout_regular_city, serial_bayou_shore_a,
          uniq_gastronok
Lair:3:   pond_and_an_island_with_a_cottage, layout_chaotic_city
Lair:4:   layout_misc_corridors, minmay_swamp_entry_swarm,
          spider_nest_entry_webs, basic_altar, uniq_kirke
Lair:5:   layout_gridlike, uniq_urug
Lair:6:   cheibrodos_lair_end_hotspot, layout_gridlike, slime_dummy,
          enter_volcano_2, basic_altar
Swamp:1:  layout_falls_marsh, nicolae_swamp_round_clearing
Swamp:2:  layout_basic_swamp, evilmike_swamp_ruin_house_2, swamp_pool1
Swamp:3:  layout_basic_swamp, hangedman_swamp_ruin_hall, swamp_pool5
Swamp:4:  byrel_swamp_growth_death_and_undeath, layout_basic_swamp, swamp_pool1,
          uniq_donald
Spider:1: layout_spider_delve, uniq_nikola, uniq_aizul
Spider:2: layout_spider_delve, gammafunk_ghost_split
Spider:3: layout_spider_delve, nicolae_crawler_farm, uniq_asterion,
          uniq_jorgrun, uniq_roxanne
Spider:4: floodkiller_spider_rune_tomb, uniq_mara
Orc:1:    layout_caves, abandoned_shop
Orc:2:    st_orc_pillars, layout_diamond_mine, okawaru_metal_pillars_1_2
Elf:1:    minmay_elf_arrival_circle, layout_gridlike, serial_shops, shop,
          minivault_28, grunt_megastairs_2
Elf:2:    layout_rooms, minivault_20, lemuel_flamethrower_hall
Elf:3:    minmay_elf_hall_statues, layout_loops_ring, serial_shops,
          nicolae_shop_waterfront
Vaults:1: nicolae_vaults_arrows, hangedman_vaults_nails,
          nicolae_vaults_murderbox, grunt_vaults_funnel,
          vaults_mumra_chevron_long, v_misc_29, hangedman_vaults_hat, v_misc_31,
          grunt_vaults_hallway_short, nicolae_vaults_little_squares_4,
          ontoclasm_vaults_tryst, ontoclasm_vaults_shuriken,
          vaults_room_hallway, layout_vaults_omnibox
Vaults:2: v_misc_5, ontoclasm_vaults_pinch, minmay_crypt_entry_nasty_monster,
          grunt_vaults_focal, vaults_room_grid, hangedman_vaults_nails,
          v_misc_4, hangedman_vaults_maws, vaults_dpeg_cross,
          vaults_room_semicircle, hangedman_vaults_variations,
          ontoclasm_vaults_hangar, hangedman_vaults_trim,
          ontoclasm_vaults_fault, layout_vaults_maze_snakey, serial_shops, shop,
          nicolae_shop_stone, shop, shop_statue
Vaults:3: v_alt_pattern_1, nicolae_vaults_alarming, v_rooms_6,
          grunt_vaults_twisty, vaults_mumra_minichess_inversion, v_misc_22,
          v_misc_25, ontoclasm_vaults_eye, v_misc_26, vaults_room_pool,
          ontoclasm_vaults_loading_screen, layout_vaults_omnicross,
          portal_desolation_entry_nicolae_slug, uniq_saint_roka
Vaults:4: v_rooms_4, hangedman_vaults_slice, hangedman_vaults_river_flow,
          v_alt_pattern_1, v_misc_2, vaults_dpeg_encased_lava,
          layout_vaults_quadrants
Vaults:5: serial_shops
Crypt:1:  ragdoll_tomb_raider, layout_regular_city, grunt_ministairs_11,
          serial_sigils_hangedman_scratch, uniq_frederick

Skill      XL: |  1  2  3  4  5  6  7  8  9 10 11 12 13 14 15 16 17 18 19 20 21 22 23 24 25 |
---------------+----------------------------------------------------------------------------+-----
Earth Magic    | 4 5 6 7 8 9 10 11 12 13 14 15 16 17 18 | 18.7
Conjurations   | 1 2 3 5 6 7 8 9 10 11 12 13 14 15 16 17 | 17.1
Spellcasting   | 3 4 5 6 7 8 9 10 11 12 13 14 | 14.8
Fighting       | 1 3 5 6 7 8 9 10 11 12 13 14 15 16 | 16.2
Armour         | 1 3 4 6 |  6.0
Maces & Flails | 2 4 5 6 7 8 9 10 11 12 13 14 | 14.0
Dodging        | 3 4 5 6 7 8 9 10 11 12 | 12.9
Evocations     | 2 4 5 6 |  6.0
Fire Magic     | 4 6 9 10 11 14 15 16 17 18 19 20 | 20.2
Necromancy     | 1 2 4 5 |  5.0
Shields        | 2 3 |  3.2
Stealth        | |  2.1
Transmutations | |  0.7

Action                   |  1- 3 |  4- 6 |  7- 9 | 10-12 | 13-15 | 16-18 | 19-21 | 22-24 | 25-27 || total
-------------------------+-------+-------+-------+-------+-------+-------+-------+-------+-------++-------
Melee: Mace              |   112 |   126 |   204 |   232 |       |       |       |       |       ||   674
       Spear             |     4 |       |       |       |       |       |       |       |       ||     4
       Unarmed           |     3 |       |       |       |       |       |       |       |       ||     3
       Morningstar       |       |       |       |   135 |   455 |   708 |   225 |       |       ||  1523
       Eveningstar       |       |       |       |       |       |       |   540 |   515 |    67 ||  1122
       Lance             |       |       |       |       |       |       |       |   116 |       ||   116
       Staff             |       |       |       |       |       |       |       |    11 |     2 ||    13
Throw: Throwing net      |       |       |       |       |       |       |     4 |       |       ||     4
 Cast: Sandblast         |    14 |    31 |   129 |   201 |    52 |    40 |     6 |       |       ||   473
       Lee's Rapid Decon |       |       |     6 |    51 |    31 |   127 |    68 |    11 |       ||   294
       Stone Arrow       |       |       |    10 |    20 |   147 |   103 |     3 |       |       ||   283
       Bolt of Magma     |       |       |       |       |    32 |    93 |    10 |       |       ||   135
       Iron Shot         |       |       |       |       |       |   134 |   185 |    83 |    13 ||   415
       Starburst         |       |       |       |       |       |    82 |     6 |       |       ||    88
       Dispel Undead     |       |       |       |       |       |     7 |     2 |       |       ||     9
       Ignition          |       |       |       |       |       |     2 |    72 |    74 |     9 ||   157
       Shatter           |       |       |       |       |       |       |       |    32 |     6 ||    38
 Abil: Fly               |       |       |       |       |     1 |       |     1 |       |       ||     2
       Stop Flying       |       |       |       |       |       |       |     1 |     1 |       ||     2
Evoke: Wand              |       |       |     1 |    10 |     7 |    12 |     3 |       |       ||    33
       Lightning rod     |       |       |       |       |     3 |       |     1 |       |       ||     4
       Phial of floods   |       |       |       |       |       |     1 |       |       |       ||     1
  Use: Scroll            |     4 |     5 |    15 |     9 |    14 |    19 |     9 |    11 |       ||    86
       Potion            |       |     2 |    10 |     3 |     3 |     6 |     8 |     4 |       ||    36
 Stab: Sleeping          |     1 |       |     4 |     3 |     2 |     4 |     2 |     2 |       ||    18
       Distracted        |       |       |       |     1 |       |       |     2 |     1 |       ||     4
  Eat: Chunk             |     1 |     6 |    17 |    22 |    19 |    29 |    43 |    38 |     2 ||   177
       Ration            |       |       |       |     4 |     7 |    26 |    20 |    13 |     2 ||    72
Armor: Robe              |    51 |    81 |   124 |   306 |   317 |    25 |       |       |       ||   904
       Skin              |       |       |     4 |       |       |       |       |       |       ||     4
       Steam dragon scal |       |       |       |       |       |   857 |   736 |   124 |       ||  1717
       Leather armour    |       |       |       |       |       |       |       |   359 |    46 ||   405
Dodge: Dodged            |    97 |   102 |   195 |   429 |   486 |   941 |   818 |   555 |    37 ||  3660
       Deflected         |       |       |       |       |     1 |       |       |       |       ||     1

Table legend:
 A = Non-vault XP
 B = Vault XP
 C = Vault XP percentage of total XP
 D = Non-vault monster count
 E = Vault monster count
 F = Vault count percentage of total count
                 A         B        C        D         E       F
            +---------+---------+-------+---------+---------+-------
      Total |  450292 |  508963 |  53.1 |    1266 |     753 |  37.3
            +---------+---------+-------+---------+---------+-------
        D:1 |      28 |      12 |  30.0 |      13 |      12 |  48.0
        D:2 |      68 |       0 |   0.0 |      27 |       0 |   0.0
        D:3 |     146 |       0 |   0.0 |      18 |       0 |   0.0
        D:4 |     452 |       0 |   0.0 |      19 |       0 |   0.0
        D:5 |     956 |       0 |   0.0 |      26 |       0 |   0.0
        D:6 |    1003 |       1 |   0.1 |      32 |       1 |   3.0
        D:7 |     651 |     371 |  36.3 |       8 |       5 |  38.5
        D:8 |     861 |     773 |  47.3 |      22 |      10 |  31.2
        D:9 |    3064 |    2013 |  39.6 |      36 |      15 |  29.4
       D:10 |    3156 |    1329 |  29.6 |      25 |       5 |  16.7
       D:11 |    2724 |    1015 |  27.1 |      27 |      13 |  32.5
       D:12 |    3843 |    4793 |  55.5 |      21 |      15 |  41.7
       D:13 |    3008 |    1112 |  27.0 |      25 |       1 |   3.8
       D:14 |    3466 |    8155 |  70.2 |      17 |      25 |  59.5
       D:15 |   15098 |    5285 |  25.9 |      37 |       6 |  14.0
     Lair:1 |    2461 |    1824 |  42.6 |      15 |      25 |  62.5
     Lair:2 |    2104 |    3484 |  62.3 |       8 |       3 |  27.3
     Lair:3 |    3246 |    2946 |  47.6 |      16 |       6 |  27.3
     Lair:4 |    5430 |    1524 |  21.9 |      19 |       8 |  29.6
     Lair:5 |    4839 |     843 |  14.8 |      16 |       1 |   5.9
     Lair:6 |   13359 |    8429 |  38.7 |      31 |      29 |  48.3
    Swamp:1 |   14018 |       0 |   0.0 |      41 |       0 |   0.0
    Swamp:2 |   12287 |       0 |   0.0 |      23 |       0 |   0.0
    Swamp:3 |   11415 |     409 |   3.5 |      29 |       3 |   9.4
    Swamp:4 |   12918 |   27247 |  67.8 |      37 |      42 |  53.2
   Spider:1 |    8803 |    5612 |  38.9 |      30 |       2 |   6.2
   Spider:2 |   21489 |    6767 |  23.9 |      59 |      10 |  14.5
   Spider:3 |   18702 |    6922 |  27.0 |      47 |       8 |  14.5
   Spider:4 |   13088 |   42299 |  76.4 |      37 |      70 |  65.4
      Orc:1 |    1711 |     129 |   7.0 |      27 |       1 |   3.6
      Orc:2 |   10699 |    9807 |  47.8 |      56 |      60 |  51.7
      Elf:1 |   25243 |   10799 |  30.0 |      33 |      18 |  35.3
      Elf:2 |   10756 |    4855 |  31.1 |      22 |       6 |  21.4
      Elf:3 |   22956 |   41644 |  64.5 |      39 |      26 |  40.0
   Vaults:1 |   16022 |   37498 |  70.1 |      34 |      56 |  62.2
   Vaults:2 |   13782 |   17606 |  56.1 |      28 |      27 |  49.1
   Vaults:3 |   45065 |   20305 |  31.1 |      69 |      43 |  38.4
   Vaults:4 |   31789 |   35486 |  52.7 |      62 |      30 |  32.6
   Vaults:5 |   39091 |  136139 |  77.7 |      57 |      84 |  59.6
    Crypt:1 |   28785 |   25048 |  46.5 |      45 |      16 |  26.2
    Abyss:2 |   21710 |       0 |   0.0 |      33 |       0 |   0.0
      IceCv |       0 |    5383 | 100.0 |       0 |      20 | 100.0
    Volcano |       0 |    4674 | 100.0 |       0 |       7 | 100.0
 Desolation |       0 |   26425 | 100.0 |       0 |      44 | 100.0
            +---------+---------+-------+---------+---------+-------
